| TOP OF THE 1ST |
|
Jacksonville Suns batting - Pitching for Mobile Bears : RHP Ismael Sagastume
|
|
Pitching: RHP Ismael Sagastume
|
|
|
Batting: RHB Lyle Brackenridge
|
0-0: Ground out 5-3 (Groundball, 56, EV 90.0 MPH)
|
|
Batting: SHB Joe Morales
|
0-0: Called Strike 0-1: Ball 1-1: Ball 2-1: SINGLE (Groundball, 4D, EV 108.8 MPH)
|
|
Batting: LHB Andy Carlton
|
0-0: Ball 1-0: Ball 2-0: Called Strike 2-1: Swinging Strike 2-2: Strikes out swinging
|
|
Batting: RHB Edward Packard
|
0-0: Ball 1-0: SINGLE (Flyball, 7S, EV 88.1 MPH) Joe Morales to second
|
|
Batting: LHB Pete M O'Brien
|
0-0: Called Strike 0-1: Ball 1-1: Ball 2-1: Ball 3-1: Called Strike 3-2: Base on Balls Joe Morales to third Edward Packard to second
|
|
Batting: LHB Dave Baker
|
0-0: Foul Ball, location: 2F 0-1: Fly out, F8 (Flyball, 8RXD, EV 91.3 MPH)
|
| Top of the 1st over - 0 runs, 2 hits, 0 errors, 3 left on base; Jacksonville 0 - Mobile 0 |
| BOTTOM OF THE 1ST |
|
Mobile Bears batting - Pitching for Jacksonville Suns : RHP Tim Crews
|
|
Pitching: RHP Tim Crews
|
|
|
Batting: LHB Jeffrey Szczecinski
|
0-0: Ball 1-0: Ball 2-0: Ball 3-0: Base on Balls
|
|
Batting: RHB Bob Hendershot
|
0-0: Ball 1-0: Called Strike 1-1: Fly out, F9 (Flyball, 9S, EV 75.0 MPH)
|
|
Batting: LHB Franklin Stubbs
|
0-0: Ball 1-0: Called Strike 1-1: Ball 2-1: Foul Ball, location: 2F 2-2: Ball 3-2: Ground out 4-3 (Groundball, 4, EV 84.4 MPH) Jeffrey Szczecinski to second
|
|
Batting: SHB Paul Hundhammer
|
0-0: Hit by Pitch
|
|
Batting: RHB Jose Aguirre
|
0-0: Swinging Strike 0-1: Foul Ball, location: 2F 0-2: Foul Ball, location: 2F 0-2: Ball 1-2: Ball 2-2: Strikes out looking
|
| Bottom of the 1st over - 0 runs, 0 hits, 0 errors, 2 left on base; Jacksonville 0 - Mobile 0 |
| TOP OF THE 2ND |
|
Jacksonville Suns batting - Pitching for Mobile Bears : RHP Ismael Sagastume
|
|
Batting: LHB Michael Kelly
|
0-0: DOUBLE (Line Drive, 78XD, EV 108.8 MPH)
|
|
Batting: LHB Donald Seeker
|
0-0: Ball 1-0: Ball 2-0: Ball 3-0: Called Strike 3-1: Base on Balls
|
|
Batting: RHB Mark Nocciolo
|
0-0: Ball 1-0: Called Strike 1-1: Foul Ball, location: 2F 1-2: Foul Ball, location: 2F 1-2: Foul Ball, location: 2F 1-2: Foul Ball, location: 2F 1-2: Ball 2-2: Strikes out swinging
|
|
Batting: RHB Lyle Brackenridge
|
0-0: Ball 1-0: Ball 2-0: Ball 3-0: Called Strike 3-1: Called Strike 3-2: Base on Balls Michael Kelly to third Donald Seeker to second
|
|
Batting: SHB Joe Morales
|
0-0: Called Strike 0-1: Foul Ball, location: 2F 0-2: Foul Ball, location: 2F 0-2: Fly out, F9 (Flyball, 9D, EV 100.0 MPH) Runner from 3rd tags up, SCORES, no throw by RF Donald Seeker to third
|
|
Batting: LHB Andy Carlton
|
0-0: Ball 1-0: Ball 2-0: Ball 3-0: Base on Balls Lyle Brackenridge to second
|
|
Batting: RHB Edward Packard
|
0-0: Called Strike 0-1: Ball 1-1: Foul Ball, location: 2F 1-2: Strikes out looking
|
| Top of the 2nd over - 1 run, 1 hit, 0 errors, 3 left on base; Jacksonville 1 - Mobile 0 |
| BOTTOM OF THE 2ND |
|
Mobile Bears batting - Pitching for Jacksonville Suns : RHP Tim Crews
|
|
Batting: LHB Douglas Latrenta
|
0-0: Ball 1-0: Foul Ball, location: 2F 1-1: Ground out U3 (Groundball, 3L, EV 80.0 MPH)
|
|
Batting: RHB Alfred Welch
|
0-0: Foul Ball, location: 2F 0-1: Ground out 4-3 (Groundball, 4, EV 83.8 MPH)
|
|
Batting: RHB Walter Steele
|
0-0: Ball 1-0: Ball 2-0: Ball 3-0: Foul Ball, location: 2F 3-1: Swinging Strike 3-2: Foul Ball, location: 2F 3-2: Strikes out looking
|
| Bottom of the 2nd over - 0 runs, 0 hits, 0 errors, 0 left on base; Jacksonville 1 - Mobile 0 |
| TOP OF THE 3RD |
|
Jacksonville Suns batting - Pitching for Mobile Bears : RHP Ismael Sagastume
|
|
Batting: LHB Pete M O'Brien
|
0-0: Ball 1-0: Foul Ball, location: 2F 1-1: Swinging Strike 1-2: Ball 2-2: Ball 3-2: SINGLE (Line Drive, 89S, EV 106.9 MPH)
|
|
Batting: LHB Dave Baker
|
0-0: Called Strike 0-1: Ball 1-1: SINGLE (Line Drive, 9S, EV 87.5 MPH) Pete M O'Brien to second Runner from 2nd tries for 3rd, SAFE, throw by RF made to third
|
|
Batting: LHB Michael Kelly
|
0-0: Foul Ball, location: 2F 0-1: Swinging Strike 0-2: Ball 1-2: Foul Ball, location: 2F 1-2: Ball 2-2: Strikes out swinging
|
|
Batting: LHB Donald Seeker
|
0-0: Ball 1-0: Fly out, F9 (Flyball, 89S, EV 85.0 MPH) Runner from 3rd tags up, SCORES, throw by RF
|
|
Batting: RHB Mark Nocciolo
|
0-0: Swinging Strike 0-1: Foul Ball, location: 2F 0-2: Ball 1-2: Foul Ball, location: 2F 1-2: SINGLE (Groundball, 6MD, EV 107.5 MPH) Dave Baker to second Runner from 2nd tries for 3rd, SAFE, throw by CF made to third
|
|
Batting: RHB Lyle Brackenridge
|
0-0: Ball 1-0: Ball 2-0: Foul Ball, location: 2F 2-1: Foul Ball, location: 2F 2-2: Strikes out swinging
|
| Top of the 3rd over - 1 run, 3 hits, 0 errors, 2 left on base; Jacksonville 2 - Mobile 0 |
| BOTTOM OF THE 3RD |
|
Mobile Bears batting - Pitching for Jacksonville Suns : RHP Tim Crews
|
|
Batting: RHB Jim Opie
|
0-0: Called Strike 0-1: Ball 1-1: Called Strike 1-2: Strikes out looking
|
|
Batting: LHB Jeffrey Szczecinski
|
0-0: Foul Ball, location: 2F 0-1: Ground out 3-1 (Groundball, 34S, EV 81.3 MPH)
|
|
Batting: RHB Bob Hendershot
|
0-0: Ball 1-0: Foul Ball, location: 2F 1-1: SINGLE (Flyball, 9S, EV 91.9 MPH)
|
|
Batting: LHB Franklin Stubbs
|
0-0: Foul Ball, location: 2F 0-1: Ball 1-1: Foul Ball, location: 2F 1-2: Ball 2-2: Fly out, F5 (Popup, 56, EV 70.0 MPH)
|
| Bottom of the 3rd over - 0 runs, 1 hit, 0 errors, 1 left on base; Jacksonville 2 - Mobile 0 |
| TOP OF THE 4TH |
|
Jacksonville Suns batting - Pitching for Mobile Bears : RHP Ismael Sagastume
|
|
Batting: SHB Joe Morales
|
0-0: Fly out, F5 (Line Drive, 5, EV 67.5 MPH)
|
|
Batting: LHB Andy Carlton
|
0-0: Foul Ball, location: 2F 0-1: SINGLE (Line Drive, 6M, EV 102.5 MPH)
|
|
Batting: RHB Edward Packard
|
0-0: 2-RUN HOME RUN (Flyball, 7D, EV 97.5 MPH), Distance : 364 ft
|
|
Batting: LHB Pete M O'Brien
|
0-0: Ball 1-0: Ball 2-0: Foul Ball, location: 2F 2-1: Ball 3-1: Base on Balls
|
|
Batting: LHB Dave Baker
|
0-0: Ball 1-0: Ball 2-0: Ball 3-0: Called Strike 3-1: Called Strike 3-2: Base on Balls Pete M O'Brien to second
|
|
Batting: LHB Michael Kelly
|
0-0: Called Strike 0-1: Foul Ball, location: 2F 0-2: Ball 1-2: SINGLE (Groundball, 56D, EV 105.6 MPH) Pete M O'Brien to third Dave Baker to second Runner from 3rd tries for Home, SAFE, throw by LF to home
|
|
Batting: LHB Donald Seeker
|
0-0: Ball 1-0: Called Strike 1-1: Fielders Choice at 2nd, 4-6 (Groundball, 4, EV 86.9 MPH) Dave Baker to third
|
|
Batting: RHB Mark Nocciolo
|
0-0: Called Strike 0-1: Ball 1-1: Foul Ball, location: 2F 1-2: Strikes out swinging
|
| Top of the 4th over - 3 runs, 3 hits, 0 errors, 2 left on base; Jacksonville 5 - Mobile 0 |
| BOTTOM OF THE 4TH |
|
Mobile Bears batting - Pitching for Jacksonville Suns : RHP Tim Crews
|
|
Batting: SHB Paul Hundhammer
|
0-0: Ball 1-0: Ground out 6-3 (Groundball, 6D, EV 82.5 MPH)
|
|
Batting: RHB Jose Aguirre
|
0-0: Ball 1-0: Ball 2-0: Ball 3-0: Called Strike 3-1: DOUBLE (Line Drive, 8RD, EV 110.6 MPH)
|
|
Batting: LHB Douglas Latrenta
|
0-0: Called Strike 0-1: Swinging Strike 0-2: Ball 1-2: Ground out 3-1 (Groundball, 34S, EV 89.4 MPH) Jose Aguirre to third
|
|
Batting: RHB Alfred Welch
|
0-0: Called Strike 0-1: Ground out 5-3 (Groundball, 5, EV 102.5 MPH)
|
| Bottom of the 4th over - 0 runs, 1 hit, 0 errors, 1 left on base; Jacksonville 5 - Mobile 0 |
| TOP OF THE 5TH |
|
Jacksonville Suns batting - Pitching for Mobile Bears : RHP Ismael Sagastume
|
|
Batting: RHB Lyle Brackenridge
|
0-0: Foul Ball, location: 2F 0-1: Foul Ball, location: 2F 0-2: Ball 1-2: Foul Ball, location: 2F 1-2: Strikes out swinging
|
|
Batting: SHB Joe Morales
|
0-0: Ball 1-0: Swinging Strike 1-1: Foul Ball, location: 2F 1-2: Ball 2-2: Foul Ball, location: 2F 2-2: Ground out 6-3 (Groundball, 6MS, EV 77.5 MPH)
|
|
Batting: LHB Andy Carlton
|
0-0: Called Strike 0-1: Swinging Strike 0-2: Ball 1-2: Strikes out swinging
|
| Top of the 5th over - 0 runs, 0 hits, 0 errors, 0 left on base; Jacksonville 5 - Mobile 0 |
| BOTTOM OF THE 5TH |
|
Mobile Bears batting - Pitching for Jacksonville Suns : RHP Tim Crews
|
|
Batting: RHB Walter Steele
|
0-0: Called Strike 0-1: Swinging Strike 0-2: Strikes out looking
|
|
Batting: RHB Jim Opie
|
0-0: Ball 1-0: Fly out, F9 (Flyball, 9LS, EV 72.5 MPH)
|
|
Batting: LHB Jeffrey Szczecinski
|
0-0: Ball 1-0: Ball 2-0: Ball 3-0: Base on Balls
|
|
Batting: RHB Bob Hendershot
|
0-0: Called Strike 0-1: Foul Ball, location: 2F 0-2: Reached on error, E5 (Groundball, 5, EV 85.0 MPH) Jeffrey Szczecinski to second
|
|
Batting: LHB Franklin Stubbs
|
0-0: Foul Ball, location: 2F 0-1: Called Strike 0-2: Ball 1-2: Ball 2-2: Strikes out looking
|
| Bottom of the 5th over - 0 runs, 0 hits, 1 error, 2 left on base; Jacksonville 5 - Mobile 0 |
| TOP OF THE 6TH |
|
Jacksonville Suns batting - Pitching for Mobile Bears : RHP Ismael Sagastume
|
|
Batting: RHB Edward Packard
|
0-0: Ball 1-0: SINGLE (Groundball, 56D, EV 105.0 MPH)
|
|
Batting: LHB Pete M O'Brien
|
0-0: Ball 1-0: Ball 2-0: Fly out, F3 (Popup, 34, EV 61.9 MPH)
|
|
Batting: LHB Dave Baker
|
0-0: Called Strike 0-1: Swinging Strike 0-2: Foul Ball, location: 2F 0-2: Strikes out swinging
|
|
Batting: LHB Michael Kelly
|
0-0: Fly out, F2 (Popup, 5SF, EV 82.5 MPH)
|
| Top of the 6th over - 0 runs, 1 hit, 0 errors, 1 left on base; Jacksonville 5 - Mobile 0 |
| BOTTOM OF THE 6TH |
|
Mobile Bears batting - Pitching for Jacksonville Suns : RHP Tim Crews
|
|
Batting: SHB Paul Hundhammer
|
0-0: Ball 1-0: Swinging Strike 1-1: Ball 2-1: SINGLE (Flyball, 6D, EV 92.5 MPH)
|
|
Batting: RHB Jose Aguirre
|
0-0: Ball 1-0: Called Strike 1-1: Grounds into double play, 6-4-3 (Groundball, 6, EV 108.1 MPH)
|
|
Batting: LHB Douglas Latrenta
|
0-0: Called Strike 0-1: Ball 1-1: Swinging Strike 1-2: Ball 2-2: Fly out, F8 (Flyball, 8RM, EV 87.5 MPH)
|
| Bottom of the 6th over - 0 runs, 1 hit, 0 errors, 0 left on base; Jacksonville 5 - Mobile 0 |
| TOP OF THE 7TH |
|
Jacksonville Suns batting - Pitching for Mobile Bears : RHP Ismael Sagastume
|
|
Pitching: RHP Keith Hendry
|
|
|
Batting: LHB Donald Seeker
|
0-0: Swinging Strike 0-1: Called Strike 0-2: Ball 1-2: Foul Ball, location: 2F 1-2: Ball 2-2: Foul Ball, location: 2F 2-2: Foul Ball, location: 2F 2-2: Ball 3-2: Foul Ball, location: 2F 3-2: Foul Ball, location: 2F 3-2: Strikes out swinging
|
|
Batting: RHB Mark Nocciolo
|
0-0: Swinging Strike 0-1: Fly out, F7 (Line Drive, 7, EV 94.4 MPH)
|
|
Batting: RHB Lyle Brackenridge
|
0-0: Ball 1-0: Ball 2-0: Ball 3-0: Called Strike 3-1: Base on Balls
|
|
Batting: SHB Joe Morales
|
0-0: Called Strike 0-1: Called Strike 0-2: Ball 1-2: Ball Lyle Brackenridge steals 2nd base 2-2: Ball 3-2: Foul Ball, location: 2F 3-2: Ground out 4-3 (Groundball, 4, EV 108.8 MPH)
|
| Top of the 7th over - 0 runs, 0 hits, 0 errors, 1 left on base; Jacksonville 5 - Mobile 0 |
| BOTTOM OF THE 7TH |
|
Mobile Bears batting - Pitching for Jacksonville Suns : RHP Tim Crews
|
|
Batting: RHB Alfred Welch
|
0-0: Called Strike 0-1: Fly out, F7 (Flyball, 7, EV 81.3 MPH)
|
|
Batting: RHB Walter Steele
|
0-0: Swinging Strike 0-1: Foul Ball, location: 2F 0-2: Strikes out swinging
|
|
Batting: RHB Jim Opie
|
0-0: Ball 1-0: Ball 2-0: Fly out, F7 (Flyball, 7D, EV 90.6 MPH)
|
| Bottom of the 7th over - 0 runs, 0 hits, 0 errors, 0 left on base; Jacksonville 5 - Mobile 0 |
| TOP OF THE 8TH |
|
Jacksonville Suns batting - Pitching for Mobile Bears : RHP Keith Hendry
|
|
Batting: LHB Andy Carlton
|
0-0: Ball 1-0: Foul Ball, location: 2F 1-1: DOUBLE (Flyball, 78XD, EV 100.6 MPH)
|
|
Batting: RHB Edward Packard
|
0-0: Swinging Strike 0-1: Ball 1-1: Ball 2-1: Foul Ball, location: 2F 2-2: Ball 3-2: Fly out, F3 (Popup, 3S, EV 83.8 MPH)
|
|
Batting: LHB Pete M O'Brien
|
0-0: Ball 1-0: Called Strike 1-1: Called Strike 1-2: Strikes out swinging
|
|
Batting: LHB Dave Baker
|
0-0: Called Strike 0-1: Swinging Strike 0-2: Strikes out swinging
|
| Top of the 8th over - 0 runs, 1 hit, 0 errors, 1 left on base; Jacksonville 5 - Mobile 0 |
| BOTTOM OF THE 8TH |
|
Mobile Bears batting - Pitching for Jacksonville Suns : RHP Tim Crews
|
|
Batting: LHB Jeffrey Szczecinski
|
0-0: Ball 1-0: Foul Ball, location: 2F 1-1: Swinging Strike 1-2: Ball 2-2: Foul Ball, location: 2F 2-2: Ball 3-2: Foul Ball, location: 2F 3-2: Fly out, F2 (Popup, 2RF, EV 91.3 MPH)
|
|
Batting: RHB Bob Hendershot
|
0-0: Fly out, F3 (Popup, 34, EV 58.1 MPH)
|
|
Batting: LHB Franklin Stubbs
|
0-0: Fly out, F8 (Flyball, 8RM, EV 91.9 MPH)
|
| Bottom of the 8th over - 0 runs, 0 hits, 0 errors, 0 left on base; Jacksonville 5 - Mobile 0 |
| TOP OF THE 9TH |
|
Jacksonville Suns batting - Pitching for Mobile Bears : RHP Keith Hendry
|
|
Batting: LHB Michael Kelly
|
0-0: Ball 1-0: Called Strike 1-1: Called Strike 1-2: Foul Ball, location: 2F 1-2: Foul Ball, location: 2F 1-2: Strikes out swinging
|
|
Batting: LHB Donald Seeker
|
0-0: Foul Ball, location: 2F 0-1: Ball 1-1: Swinging Strike 1-2: Strikes out looking
|
|
Batting: RHB Mark Nocciolo
|
0-0: Swinging Strike 0-1: Ball 1-1: Called Strike 1-2: Foul Ball, location: 2F 1-2: Foul Ball, location: 2F 1-2: Strikes out swinging
|
| Top of the 9th over - 0 runs, 0 hits, 0 errors, 0 left on base; Jacksonville 5 - Mobile 0 |
| BOTTOM OF THE 9TH |
|
Mobile Bears batting - Pitching for Jacksonville Suns : RHP Tim Crews
|
|
Batting: SHB Paul Hundhammer
|
0-0: Foul Ball, location: 2F 0-1: Ball 1-1: Foul Ball, location: 2F 1-2: Strikes out looking
|
|
Batting: RHB Jose Aguirre
|
0-0: Ball 1-0: Called Strike 1-1: DOUBLE (Line Drive, 89D, EV 113.1 MPH)
|
|
Batting: LHB Douglas Latrenta
|
0-0: Called Strike 0-1: Ground out 4-3 (Groundball, 4M, EV 108.8 MPH) Jose Aguirre to third
|
|
Batting: RHB Alfred Welch
|
0-0: Foul Ball, location: 2F 0-1: Foul Ball, location: 2F 0-2: Strikes out swinging
|
| Bottom of the 9th over - 0 runs, 1 hit, 0 errors, 1 left on base; Jacksonville 5 - Mobile 0 |
|